 Dungeon Crawl Stone Soup version 0.25-a0-591-g2ad0d86 (webtiles) character file.

Game seed: 6928681379169950444, levelgen mode: deterministic

2518 vinnietd the Cleaver (level 9, -3/82 HPs)
             Began as a Hill Orc Fighter on Mar 13, 2020.
             Was a Believer of Beogh.
             Slain by a nine-headed hydra (5 damage)
             ... on level 11 of the Dungeon.
             The game lasted 00:19:33 (8025 turns).

vinnietd the Cleaver (Hill Orc Fighter)             Turns: 8025, Time: 00:19:34

Health: -3/82      AC: 15    Str: 24    XL:     9   Next: 54%
Magic:  9/9        EV: 20    Int:  8    God:    Beogh [**....]
Gold:   492        SH:  0    Dex: 10    Spells: 8/8 levels left

rFire    . . .     SeeInvis .   a - +1 war axe
rCold    . . .     Gourm    .   c - +0 kite shield
rNeg     + . .     Faith    .   r - +0 plate armour
rPois    .         Spirit   .   d - +0 helmet
rElec    .         Reflect  .   (no cloak)
rCorr    .         Harm     .   G - +2 pair of gloves of Starshine {Str+2}
MR       .....                  (no boots)
Stlth    ..........             s - amulet of the acrobat
HPRegen  0.23/turn              F - ring of positive energy
MPRegen  0.11/turn              (no ring)

@: confused, acrobat
A: no striking features
a: Smiting, Renounce Religion


You were on level 11 of the Dungeon.
You worshipped Beogh.
Beogh was pleased with you.
You were not hungry.

You visited 1 branch of the dungeon, and saw 9 of its levels.

You collected 492 gold pieces.

Inventory:

Hand Weapons
 a - a +1 war axe (weapon)
Armour
 c - a +0 kite shield (worn)
 d - a +0 helmet (worn)
 r - a +0 plate armour (worn)
 G - the +2 pair of gloves of Starshine (worn) {Str+2}
   (You found it on level 8 of the Dungeon)

   It affects your strength (+2).
Jewellery
 s - an amulet of the acrobat (around neck)
 x - an uncursed amulet of rage
 y - an uncursed amulet of rage
 F - a ring of positive energy (left hand)
Wands
 e - a wand of iceblast (9)
 t - a wand of flame (37)
 v - a wand of clouds (3)
 w - a wand of polymorph (12)
Scrolls
 h - a scroll of fog
 l - a scroll of enchant weapon
 m - 2 scrolls of immolation
 n - a scroll of magic mapping {unknown}
 u - a scroll of enchant armour {unknown}
 z - a scroll of remove curse {@r2}
 C - a scroll of vulnerability
Potions
 b - a potion of mutation {unknown}
 i - a potion of magic
 o - a potion of stabbing
 q - 2 potions of resistance {unknown}
 A - a potion of brilliance
 B - 2 potions of heal wounds {unknown}
 D - 2 potions of curing {unknown}
Comestibles
 f - 13 rations
 k - a chunk of flesh


   Skills:
 + Level 8.6 Fighting
 + Level 10.9 Axes
 - Level 3.2 Armour
 * Level 8.4 Shields


You had 8 spell levels left.
You didn't know any spells.
Your spell library contained the following spells:

 Spells                   Type           Power        Failure   Level  Hunger
 Animate Skeleton         Necr           N/A          100%        1    ##.....
 Apportation              Tloc           #.....       100%        1    ##.....
 Corona                   Hex            #......      100%        1    ##.....
 Pain                     Necr           #...         100%        1    ##.....
 Summon Small Mammal      Summ           #...         100%        1    ##.....
 Vampiric Draining        Necr           #.........   100%        3    ####...
 Animate Dead             Necr           N/A          100%        4    #####..
 Agony                    Necr           #.......     100%        5    ######.


Dungeon Overview and Level Annotations

Branches:
Dungeon (8/15)             Temple (0/1) D:6
   Lair: D:8-11

Altars:
Fedhas
Hepliaklqana
Qazlal
Uskayaw
Xom
Zin

Shops:
D:5 :

Annotations:
D:11 Erica


Message History

The vampire hits you! The vampire bites you!
* * * LOW HITPOINT WARNING * * *
The adder bites you but does no damage. The yak gores you but does no damage.
The nine-headed hydra bites you but does no damage. x2
The nine-headed hydra bites you.
* * * LOW HITPOINT WARNING * * *
The nine-headed hydra closely misses you.
The nine-headed hydra bites you.
* * * LOW HITPOINT WARNING * * *
The nine-headed hydra bites you but does no damage.
The nine-headed hydra bites you.
* * * LOW HITPOINT WARNING * * *
The nine-headed hydra bites you!
* * * LOW HITPOINT WARNING * * *
The nine-headed hydra barely misses you.
You're too confused!
The adder closely misses you.
The nine-headed hydra bites you but does no damage.
The nine-headed hydra bites you.
You die...

....... .......### ####
....#..#..##.(####
.............Z@..## ##
##.[.$........DSV..#..#
#.?...........YY......#
##...........YY.C......#
.....#..........(.......#
Y....##...9Y.#.##......##
...YY.....o.....#...####
###.#..##.......#.>.#
...##....(.##...##.##


You could see a nine-headed hydra, a cyclops, 5 yaks, a vampire, a gargoyle, an
adder, an orc and a centaur warrior zombie.

Vanquished Creatures
  A shadow (D:11)
  A wyvern (D:8)
  Menkaure (D:7)
  Duvessa (D:7)
  3 orc warriors
  2 ogres
  2 centaurs
  3 bullfrogs
  Dowan (D:7)
  3 wights (D:6)
  A howler monkey (D:5)
  2 crimson imps
  4 hounds
  A quasit (D:6)
  6 orc wizards
  3 orc priests
  A centaur skeleton (D:7)
  2 jellies
  A bullfrog skeleton (D:7)
  2 iguanas
  2 worker ants
  7 gnolls
  7 adders
  A shadow imp (D:6)
  3 oozes
  An adder skeleton (D:4)
  2 worms
  3 dart slugs
  4 leopard geckos
  24 orcs
  A ball python (D:6)
  4 giant cockroaches
  5 goblins
  7 hobgoblins
  5 jackals
  2 quokkas
  8 bats
  5 frilled lizards
  3 kobolds
  A leopard gecko zombie (D:2)
  8 rats
144 creatures vanquished.

Vanquished Creatures (others)
  An orc wizard (D:4)
  2 adders (D:4)
  An orc (D:4)
4 creatures vanquished.

Grand Total: 148 creatures vanquished

Notes
Turn   | Place    | Note
-------+----------+-------------------------------------------
     0 | D:1      | vinnietd the Hill Orc Fighter began the quest for the Orb.
     0 | D:1      | Reached XP level 1. HP: 19/19 MP: 1/1
   108 | D:1      | Reached skill level 3 in Axes
   109 | D:1      | Reached XP level 2. HP: 27/27 MP: 2/2
   641 | D:2      | Found a stormy altar of Qazlal.
   665 | D:2      | Reached skill level 4 in Axes
   665 | D:2      | Reached XP level 3. HP: 19/33 MP: 3/3
   994 | D:2      | Found a blossoming altar of Fedhas.
  1043 | D:2      | Reached XP level 4. HP: 41/41 MP: 4/4
  1168 | D:2      | Found a glowing silver altar of Zin.
  1389 | D:2      | Reached skill level 5 in Axes
  1725 | D:3      | Reached XP level 5. HP: 32/47 MP: 5/5
  2339 | D:3      | Reached skill level 6 in Axes
  2439 | D:3      | Reached skill level 5 in Fighting
  2768 | D:4      | Became a worshipper of Beogh the Brigand
  2953 | D:4      | Noticed a +0 hand axe
  2953 | D:4      | Noticed a +0 hand axe
  2954 | D:4      | Found a hide-covered altar of Uskayaw.
  2987 | D:4      | Reached XP level 6. HP: 43/56 MP: 6/6
  3104 | D:4      | You fall into a shaft and drop 2 floors!
  3137 | D:6      | Reached skill level 7 in Axes
  3425 | D:6      | Reached XP level 7. HP: 27/62 MP: 7/7
  3632 | D:6      | Reached skill level 8 in Axes
  3801 | D:5      | Entered Level 5 of the Dungeon
  3850 | D:5      | Reached * piety under Beogh
  3955 | D:5      | Found a shimmering altar of Xom.
  4528 | D:5      | Found Sullux's Book Shop.
  4627 | D:5      | Reached skill level 9 in Axes
  4627 | D:5      | Reached XP level 8. HP: 45/71 MP: 8/8
  4935 | D:5      | Found a hazy altar of Hepliaklqana.
  5370 | D:6      | Found a staircase to the Ecumenical Temple.
  5529 | D:6      | Reached skill level 5 in Shields
  5808 | D:7      | Noticed Menkaure
  5816 | D:7      | Killed Menkaure
  6520 | D:7      | Reached skill level 10 in Axes
  6567 | D:7      | Noticed Dowan
  6568 | D:7      | Noticed Duvessa
  6581 | D:7      | Killed Dowan
  7232 | D:7      | Killed Duvessa
  7232 | D:7      | Reached XP level 9. HP: 81/81 MP: 9/9
  7866 | D:8      | Got a pair of smoking gloves
  7867 | D:8      | Identified the +2 pair of gloves of Starshine {Str+2} (You
                  | found it on level 8 of the Dungeon)
  7910 | D:8      | You fall into a shaft and drop 3 floors!
  7958 | D:11     | Reached ** piety under Beogh
  7963 | D:11     | Noticed Erica
  7980 | D:11     | Noticed a gargoyle
  7984 | D:11     | Noticed an eight-headed hydra
  8018 | D:11     | Noticed a cyclops
  8024 | D:11     | HP: 1/82 [nine-headed hydra (9)]
  8025 | D:11     | Slain by a nine-headed hydra

Levels and vault maps discovered:
D:1:      grunt_arrival_crossed_arrows, layout_loops_ring
D:2:      layout_basic, grunt_temple_overflow_forces_of_nature, zin_academy,
          kennysheep_nondescript
D:3:      minmay_diamond_boxcup, layout_basic
D:4:      layout_loops_ring, dancing_weapons_uskayaw, first_ration
D:5:      layout_cave_pools, lemuel_crystal_altar, lemuel_round_altar,
          serial_shops, nicolae_shop_waterfront
D:6:      layout_basic, minmay_temple_entry_poolview, minmay_misc_feat_chi
D:7:      layout_basic, kennysheep_generic_room_16, uniq_menkaure, uniq_duvessa
D:8:      layout_gridville, marbit_many_paths, gammafunk_ghost_abyssal_escape
D:11:     layout_cave_pools, serial_shops, shop, uniq_erica

Skill      XL: |  1  2  3  4  5  6  7  8  9 |
---------------+----------------------------+-----
Axes           | 3 4 5 6 7 9 10 | 10.9
Fighting       | 4 5 6 8 |  8.6
Shields        | 4 7 8 |  8.4
Armour         | |  3.2

Action                   |  1- 3 |  4- 6 |  7- 9 || total
-------------------------+-------+-------+-------++-------
Melee: War axe           |    97 |   176 |   359 ||   632
Throw: Throwing net      |     2 |       |     2 ||     4
Invok: Convert to Beogh  |       |     1 |       ||     1
  Use: Scroll            |       |     2 |    13 ||    15
       Potion            |       |     1 |    11 ||    12
 Stab: Invisible         |       |       |     7 ||     7
       Sleeping          |       |       |     2 ||     2
       Held in net/web   |       |       |     1 ||     1
  Eat: Chunk             |     1 |     7 |     2 ||    10
       Ration            |       |       |     4 ||     4
Armor: Scale mail        |    43 |    84 |    36 ||   163
       Plate armour      |       |       |   100 ||   100
Dodge: Dodged            |    36 |    54 |   102 ||   192
Block: Kite shield       |    55 |    95 |   165 ||   315

Table legend:
 A = Non-vault XP
 B = Vault XP
 C = Vault XP percentage of total XP
 D = Non-vault monster count
 E = Vault monster count
 F = Vault count percentage of total count
                 A         B        C        D         E       F
            +---------+---------+-------+---------+---------+-------
      Total |    3182 |     416 |  11.6 |     134 |      10 |   6.9
            +---------+---------+-------+---------+---------+-------
        D:1 |      22 |       0 |   0.0 |      12 |       0 |   0.0
        D:2 |      98 |       0 |   0.0 |      23 |       0 |   0.0
        D:3 |      91 |      28 |  23.5 |      18 |       7 |  28.0
        D:4 |     221 |       0 |   0.0 |      14 |       0 |   0.0
        D:5 |     351 |       0 |   0.0 |      12 |       0 |   0.0
        D:6 |     762 |       0 |   0.0 |      20 |       0 |   0.0
        D:7 |     523 |     388 |  42.6 |      12 |       3 |  20.0
        D:8 |     581 |       0 |   0.0 |      16 |       0 |   0.0
       D:11 |     533 |       0 |   0.0 |       7 |       0 |   0.0
            +---------+---------+-------+---------+---------+-------
